 Dungeon Crawl Stone Soup version 0.32-a0-876-gcfddb08e57 (webtiles) character file.

Game seed: 1858380853446782677

244 Autsider the Magician (level 5, 0/30 HPs)
             Began as a Deep Elf Hedge Wizard on Mar 31, 2024.
             Succumbed to an adder's poison
             ... on level 4 of the Dungeon.
             The game lasted 00:15:02 (4552 turns).

Autsider the Magician (Deep Elf Hedge Wizard)       Turns: 4552, Time: 00:15:03

Health: 0/30       AC:  2    Str:  7    XL:     5   Next: 83%
Magic:  7/13       EV: 15    Int: 21    God:
Gold:   251        SH:  0    Dex: 14    Spells: 6/12 levels left

rFire   + . .        (weapon currently unavailable)
rCold   . . .        (shield currently unavailable)
rNeg    . . .        b - melded +0 robe
rPois   .            s - +0 helmet
rElec   .            (no cloak)
rCorr   .            (no gloves)
SInv    .            r - +0 pair of boots
Will    .....        (no amulet) Stlth
                     (no ring)
HPRegen 0.25/turn    (no ring)
MPRegen 0.13/turn

%: no passive effects
@: berserking, lethally poisoned (0 -> -2), flux-form, glowing, very quick
A: glow, contaminating, reduced hp, deformed body, fire resistance 1
a: Begin Untransformation


You were on level 4 of the Dungeon.
You were something dangerously unstable.
You visited 1 branch of the dungeon, and saw 5 of its levels.

You collected 251 gold pieces.

Inventory:

Missiles
 k - 2 throwing nets
Armour
 b - a +0 robe (melded)
 c - a +0 hat
 r - a +0 pair of boots (worn)
 s - a +0 helmet (worn)
Talismans
 o - a flux talisman (active)
Wands
 h - a wand of polymorph (11)
Scrolls
 l - a scroll of teleportation
 q - 2 scrolls of fear {unknown}
Potions
 d - a potion of magic
 e - a potion of attraction {unknown}
 f - a potion of might {unknown}
 g - a potion of heal wounds {unknown}
 i - a potion of mutation
 j - 2 potions of brilliance
 m - a potion of resistance {unknown}
 n - a potion of enlightenment {unknown}
 p - a potion of curing {unknown}


   Skills:
 + Level 2.5 Fighting
 - Level 2.4 Dodging
 - Level 2.4 Stealth
 - Level 4.4 Spellcasting
 - Level 2.2 Conjurations
 + Level 2.1 Summonings
 - Level 1.1 Translocations
 + Level 0.1 Ice Magic
 * Level 3.7 Shapeshifting


You had 6 spell levels left.
You knew the following spells:

 Your Spells              Type           Power      Damage    Failure   Level
a - Magic Dart            Conj           52%        1d5       4%          1
A - Call Imp              Summ           26%        N/A       7%          2
B - Summon Ice Beast      Ice/Summ       9%         N/A       22%         3

Your spell library contained the following spells:

 Spells                   Type           Power      Damage    Failure   Level
 Momentum Strike          Conj/Tloc      22%        3d8       9%          2
 Blink                    Tloc           18%        N/A       11%         2
 Lesser Beckoning         Tloc           18%        N/A       11%         2
 Slow                     Hex            16%        N/A       12%         1
 Cigotuvi's Dreadful Rot  Necr/Alch/Air  8%         N/A       17%         2
 Hailstorm                Conj/Ice       9%         3d6       22%         3
 Mephitic Cloud           Conj/Alch/Air  7%         N/A       26%         3
 Permafrost Eruption      Ice/Erth       2%         2x4d2     100%        6
 Sculpt Simulacrum        Ice/Alch       2%         N/A       100%        6


Dungeon Overview and Level Annotations

Branches:
Dungeon (5/15)
 Temple: D:4-7

Altars:
Sif Muna
Zin

Shops:
D:4 *

Annotations:
D:1 exclusion: downstairs
D:3 Natasha
D:4 Eustachio


Innate Abilities, Weirdness & Mutations

You are something dangerously unstable.
You glow with magical radiation, making you easy to see and hit.
Foes you strike become dangerously contaminated with magical radiation.
Your maximum health is decreased, since you lack skill for your form.
You are incapable of wielding weapons or throwing items.
Armour fits poorly on your strangely shaped body.
Your flesh is heat resistant. (rF+)


Message History

Press: ? - help, Shift-Dir - straight line, f - adder
Aim: an adder (ally target, 100% to hit)
The magic dart hits the adder.
The adder is heavily wounded.
The adder barely misses you. The ball python bites you.
* * * LOW HITPOINT WARNING * * *
The ball python constricts you.
* * * LOW HITPOINT WARNING * * *
The adder bites you.
* * * LOW HITPOINT WARNING * * *
You are poisoned.
The adder poisons you!
Your cerulean imp misses the adder.
Your ice beast hits the adder.
Your ice beast freezes the adder!
The adder dies!
The ball python's grasp on you weakens, but your attempt to escape fails.
You feel sick. The ball python bites you.
* * * LOW HITPOINT WARNING * * *
The ball python constricts you.
* * * LOW HITPOINT WARNING * * *
The ball python bites you.
* * * LOW HITPOINT WARNING * * *
The ball python constricts you.
* * * LOW HITPOINT WARNING * * *
Your cerulean imp hits the ball python from afar with a -3 spear.
The ball python dies!
It was a potion of mutation.
You feel extremely strange.
Your body twists and deforms.
Iridescent scales grow over part of your body.
Your iridescent scales disappear.
You feel resistant to heat.
* * * LOW HITPOINT WARNING * * *
You feel sick.
Okay, then.
It was a potion of berserk rage.
A red film seems to cover your vision as you go berserk!
You feel yourself moving faster!
You feel mighty!
* * * LOW HITPOINT WARNING * * *
You feel sick.
You are too berserk!
You feel a strong urge to attack something.
You die...

..####......#
............#
............#
............'.
............#'#####
..####............#
<.# ............#
### .........Y..#
..........p.#
≈.≈......5..'...#
≈.≈.........#####
≈.≈#.#####... #
#.... #..?..
#.....# #.....#


You could see a friendly ice beast (summoned) and a friendly cerulean imp
(summoned).

Vanquished Creatures
  A scorpion (D:4)
  An orc wizard (D:3)
  An adder (D:4)
  3 orcs
  3 endoplasms
  4 giant cockroaches
  6 goblins
  4 hobgoblins
  4 jackals
  A quokka (D:2)
  4 ball pythons
  5 bats
  6 frilled lizards
  8 kobolds
  4 rats
55 creatures vanquished.

Vanquished Creatures (collateral kills)
  A bombardier beetle (D:4)
  2 gnolls (D:4)
  3 adders
  An orc (D:3)
  A ball python (D:4)
8 creatures vanquished.

Grand Total: 63 creatures vanquished

Notes
Turn   | Place    | Note
-------+----------+-------------------------------------------
     0 | D:1      | Autsider the Deep Elf Hedge Wizard began the quest for the
                  | Orb.
     0 | D:1      | Reached XP level 1. HP: 10/10 MP: 7/7
   490 | D:1      | Reached XP level 2. HP: 16/16 MP: 7/9
  1622 | D:2      | Reached skill level 1 in Fighting
  2102 | D:2      | Learned a level 2 spell: Call Imp
  2104 | D:2      | Reached XP level 3. HP: 20/20 MP: 8/10
  2715 | D:3      | Found a faded altar of an unknown god.
  2921 | D:3      | Reached skill level 1 in Shapeshifting
  2921 | D:3      | Reached XP level 4. HP: 25/25 MP: 4/12
  3130 | D:3      | Found a glowing silver altar of Zin.
  3150 | D:3      | Found a shimmering blue altar of Sif Muna.
  3463 | D:3      | Noticed Natasha
  3984 | D:4      | Found Olousoki's Lightly-Used Armoury.
  4230 | D:4      | Reached XP level 5. HP: 17/30 MP: 10/13
  4449 | D:4      | Noticed Eustachio
  4466 | D:5      | Entered Level 5 of the Dungeon
  4524 | D:5      | Learned a level 3 spell: Summon Ice Beast
  4550 | D:4      | Gained mutation: Armour fits poorly on your strangely
                  | shaped body. [potion of mutation]
  4550 | D:4      | Gained mutation: You are partially covered in iridescent
                  | scales. (AC +2) [potion of mutation]
  4550 | D:4      | Lost mutation: You are partially covered in iridescent
                  | scales. (AC +2) [potion of mutation]
  4550 | D:4      | Gained mutation: Your flesh is heat resistant. (rF+)
                  | [potion of mutation]
  4550 | D:4      | HP: 1/20 [poisoned by an adder]
  4552 | D:4      | Succumbed to an adder's poison

Illustrated notes

Levels and vault maps discovered:
D:1:      erik_arrival_cave_to_civilisation [erik_arrival_cave_to_hall],
          layout_basic, st_stairs_11, chequers_jeans
D:2:      layout_loops_corners, minmay_close_crescents
D:3:      layout_rooms, general_overflow_altar, zin_statuary,
          chequers_ecumenical_altar_simple_redux, serial_park_tiny_pond,
          serial_bayou_pond_b, nicolae_concentric_dashed_squares_mild,
          uniq_natasha
D:4:      layout_gridville, lemuel_coloured_pillars_altar,
          mainiacjoe_overflow_alcove_4, chequers_serial_rivers_micro_d,
          minmay_shop_damaged, kennysheep_generic_room_15, uniq_eustachio
D:5:      layout_rooms, lightli_temple_of_fire, grunt_ashenzari_visionary
          [grunt_ashenzari_visionary_swamp, grunt_ashenzari_visionary_snake],
          mainiacjoe_overflow_alcove_2, uniq_duvessa

Skill      XL: |  1  2  3  4  5 |
---------------+----------------+-----
Fighting       | 1 2 |  2.5
Conjurations   | 2 |  2.2
Summonings     | 2 |  2.1
Shapeshifting  | 1 2 3 |  3.7
Dodging        | |  2.4
Stealth        | |  2.4
Spellcasting   | |  4.4
Translocations | |  1.1
Ice Magic      | |  0.1

Action                     |  1- 3 |  4- 6 || total
---------------------------+-------+-------++-------
  Melee: Unarmed           |    14 |    21 ||    35
   Cast: Magic Dart        |   109 |    48 ||   157
         Call Imp          |     1 |    15 ||    16
         Summon Ice Beast  |       |     1 ||     1
Ability: Begin Untransform |     1 |       ||     1
    Use: Scroll            |     1 |     5 ||     6
         Potion            |       |     2 ||     2
 Armour: Robe              |    31 |     7 ||    38
         Skin              |       |    29 ||    29
  Dodge: Dodged            |    28 |    30 ||    58
   Form: Flux              |     1 |     1 ||     2

Table legend: (Time is in decaauts)
 A = Elapsed time spent in this place.
 B = Non-inter-level travel time spent in this place.
 C = Inter-level travel time spent in this place.
 D = Time resting spent in this place.
 E = Time spent auto-exploring this place.
 F = Levels seen in this place.
 G = Mean time per level.
                   A        B        C        D        E       F      G
               +--------+--------+--------+--------+--------+-----+--------+
         Total |   4565 |   4380 |    185 |    685 |   2893 |   5 |  913.0 |
       Dungeon |   4565 |   4380 |    185 |    685 |   2893 |   5 |  913.0 |
               +--------+--------+--------+--------+--------+-----+--------+

Top non-repeatable levels by time:
     D:2: 1318 daAuts
     D:1: 1289 daAuts
     D:3: 1099 daAuts
     D:4: 779 daAuts
     D:5: 78 daAuts
